 Dungeon Crawl Stone Soup version 0.20.1-1-g8b1a95d (webtiles) character file.

145 Internecine the Magician (level 5, 0/28 HPs)
             Began as a Deep Elf Wizard on Oct 1, 2017.
             Slain by an orc wizard
             ... wielding a +2 dagger of venom
              (2 damage)
             ... on level 3 of the Dungeon.
             The game lasted 00:20:34 (2864 turns).

Internecine the Magician (Deep Elf Wizard)          Turns: 2864, Time: 00:20:34

Health: 0/28       AC:  2    Str:  3 (4)  XL:     5   Next: 6%
Magic:  4/16       EV: 13    Int: 21 (23) God:
Gold:   159        SH:  0    Dex: 13 (14) Spells: 16/17 levels left

rFire    . . .     SeeInvis .   f - +2 mace (holy)
rCold    . . .     Gourm    .   (no shield)
rNeg     . . .     Faith    .   a - +0 robe
rPois    .         Spirit   .   b - +0 hat
rElec    .         Reflect  .   (no cloak)
rCorr    .         Harm     .   (no gloves)
MR       .....                  (no boots)
Stlth    ++........             (no amulet)
Regen    0.1/turn               (no ring)
MPRegen  0.2/turn               (no ring)

@: flying
A: no striking features
a: no special abilities


You were on level 3 of the Dungeon.
You were hungry.

You visited 1 branch of the dungeon, and saw 3 of its levels.

You collected 159 gold pieces.

Inventory:

Hand Weapons
 f - a +2 mace of holy wrath (weapon)
 m - a +0 hunting sling
 w - a +0 flail
 x - a +0 hunting sling
Missiles
 i - 52 stones (quivered)
 j - 28 arrows
 z - 19 sling bullets
 A - 6 tomahawks
Armour
 a - a +0 robe (worn)
 b - a +0 hat (worn)
 k - a +0 leather armour
 o - a +0 chain mail
 y - a +0 plate armour
 B - a +0 ring mail
Scrolls
 e - a scroll of teleportation {unknown}
 h - 2 scrolls of remove curse {unknown}
 n - a scroll of amnesia {unknown}
 p - 4 scrolls of identify {unknown}
 r - a scroll of recharging {unknown}
 t - a scroll of magic mapping {unknown}
 u - 2 scrolls of random uselessness {unknown}
 v - 2 scrolls of blinking {unknown}
Books
 c - a book of Minor Magic

   Spells                             Type                      Level
   a - Magic Dart                     Conjuration                  1
   b - Blink                          Translocation                2
   c - Call Imp                       Summoning                    2
   d - Slow                           Hexes                        2
   e - Conjure Flame                  Conjuration/Fire             3
   f - Mephitic Cloud                 Conjuration/Poison/Air       3
Comestibles
 d - 5 bread rations
 l - 3 meat rations
 s - a royal jelly


   Skills:
 + Level 0.1 Fighting
 + Level 0.1 Maces & Flails
 + Level 3.2 Dodging
 + Level 3.2 Stealth
 + Level 6.6 Spellcasting
 + Level 2.1 Conjurations
   Level 1.1 Summonings
   Level 1.1 Translocations


You had 16 spell levels left.
You knew the following spells:

 Your Spells              Type           Power        Failure   Level  Hunger
a - Magic Dart            Conj           ###.         3%          1    None


Dungeon Overview and Level Annotations

Branches:
Dungeon (3/15)

Altars:
Hepliaklqana


Message History

Aiming: Magic Dart
Press: ? - help, Shift-Dir - straight line, f/p - orc wizard
Aim: an orc wizard, wielding a dagger of venom and wearing a robe (fast)
The magic dart hits the orc wizard.
The orc wizard is moderately wounded.
The orc wizard casts a spell at you. The puff of flame hits you!
* * * LOW HITPOINT WARNING * * *
The orc wizard points at you and mumbles some strange words.
The magic dart hits you!
* * * LOW HITPOINT WARNING * * *
It was a potion of flight.
You feel very buoyant.
You fly up into the air.
The orc wizard looks encouraged for a moment.
It was a potion of degeneration.
There was something very wrong with that liquid.
You feel weakened.
You feel dopey.
You feel clumsy.
The orc wizard hits you with a dagger of venom.
You die...

######## #....##. .
###....##.#########.)..
.........#...(@oro....
###....# #..#######....
#...รท..# #.######## . #
#....###.##.....# #.
#........##.....#
..##.....#####.....# #####
...#.....#####.....####...#
.....)..................###
....#.#.######.....###.##


You could see an orc wizard, an orc and a rat.

Vanquished Creatures
  4 gnolls
  2 adders (D:2)
  2 oozes (D:1)
  A worm (D:2)
  3 dart slugs
  4 leopard geckos
  7 orcs (D:3)
  8 bats
  2 giant cockroaches
  4 goblins
  3 hobgoblins
  6 jackals
  A kobold (D:1)
  A quokka (D:3)
  A ball python (D:2)
  8 frilled lizards
  4 rats
61 creatures vanquished.

Notes
Turn   | Place    | Note
-------+----------+-------------------------------------------
     0 | D:1      | Internecine the Deep Elf Wizard began the quest for the Orb.
     0 | D:1      | Reached XP level 1. HP: 10/10 MP: 7/7
   365 | D:1      | Reached skill level 5 in Spellcasting
   404 | D:1      | Reached XP level 2. HP: 15/15 MP: 3/10
   650 | D:1      | Reached XP level 3. HP: 14/19 MP: 0/12
  1045 | D:1      | Reached skill level 6 in Spellcasting
  1575 | D:2      | Reached XP level 4. HP: 20/24 MP: 5/14
  2510 | D:3      | Found a hazy altar of Hepliaklqana.
  2558 | D:3      | Reached XP level 5. HP: 7/28 MP: 0/16
  2864 | D:3      | Slain by an orc wizard

Skill      XL: |  1  2  3  4 |
---------------+-------------+-----
Spellcasting   | 5 6 |  6.6
Stealth        | 3 |  3.2
Conjurations   | 2 |  2.1
Dodging        | 3 |  3.2
Fighting       | |  0.1
Maces & Flails | |  0.1
Summonings     | |  1.1
Translocations | |  1.1

Action                   |  1- 3 |  4- 6 || total
-------------------------+-------+-------++-------
Melee: Unarmed           |    11 |       ||    11
       Flail             |       |     6 ||     6
       Mace              |       |     2 ||     2
 Fire: Hunting sling     |       |     9 ||     9
Throw: Stone             |     2 |       ||     2
 Cast: Magic Dart        |    83 |    76 ||   159
  Use: Potion            |       |     2 ||     2
  Eat: Chunk             |     2 |     3 ||     5
Armor: Robe              |     8 |    13 ||    21
Dodge: Dodged            |    35 |    65 ||   100
